Map: Proxima Station LE

Players

YogSottoth

  • Race: Zerg Zerg
  • League: Diamond
  • Spawn Location: 7:00

Musumeci - Winner!

  • Race: Zerg Zerg
  • League: Diamond
  • Spawn Location: 1:00

VOD

Have the link to the VOD?

Description

Time

  • Played on: March 24, 2017, 5:30 a.m.
  • Length: 4:12
Show
View Real Time Build Order
Export as new Build Order

YogSottoth Zerg 

Build Orders: Pool Only, Zergling Baneling 

Get SALT Encoding   

  12  0:01  Drone  
  13  0:14  Extractor  
  12  0:24  Spawning Pool  
  11  0:29  Drone  
  11  0:33  Drone  
  13  0:38  Drone  
  14  0:50  Overlord  
  14  1:11  Zergling x4  
  14  1:13  Zergling x2  
  14  1:14  Metabolic Boost  
  17  1:23  Zergling x2  
  18  1:34  Zergling x2  
  18  1:38  Queen  
  21  1:45  Zergling x2  
  22  1:53  Baneling Nest  
  21  1:56  Zergling x2  
  22  2:10  Overlord  
  21  2:31  Zergling x4  
  21  2:44  Zergling x2  
  21  2:51  Zergling x6  
  21  3:01  Zergling x2  
  21  3:05  Zergling x2  
  23  3:07  Baneling x4  
  23  3:16  Zergling x2  
  24  3:20  Baneling x2  
  24  3:26  Baneling  
  24  3:27  Baneling x2  
  24  3:29  Zergling x2  
  25  3:34  Zergling x6  
Show
View Real Time Build Order
Export as new Build Order

Musumeci Zerg - Winner!

Build Orders: Hatch First 

Get SALT Encoding   

  12  0:01  Drone  
  13  0:17  Overlord  
  13  0:20  Drone  
  14  0:23  Extractor  
  14  0:24  Drone  
  15  0:36  Drone  
  15  0:39  Drone  
  17  0:55  Hatchery  
  16  1:03  Drone  
  17  1:14  Spawning Pool  
  17  1:17  Extractor  
  16  1:18  Drone  
  16  1:21  Drone  
  16  1:24  Drone  
  18  1:32  Drone  
  19  1:45  Overlord  
  19  2:01  Queen  
  19  2:02  Zergling x2  
  19  2:05  Zergling x2  
  19  2:07  Zergling x2  
  24  2:09  Queen  
  26  2:17  Zergling x2  
  26  2:18  Metabolic Boost  
  27  2:27  Zergling x4  
  23  2:57  Zergling x10  
  27  3:29  Zergling x12, Baneling Nest  
Tags
 
Add a new tag
Caveats
  • Supply blocks, unpowered buildings, or Contaminate may cause inaccurate times.
  • Supply counts are checked every 10 seconds.